 Dungeon Crawl Stone Soup version 0.30.0-29-ga12c61a403 (webtiles) character file.

Game seed: 3452227839011308821

179 Elmgren the Shooter (level 5, -3/30 HPs)
             Began as a Gargoyle Hunter on June 23, 2023.
             Slain by an orc priest
             ... wielding a +0 mace
              (5 damage)
             ... on level 4 of the Dungeon.
             The game lasted 00:02:38 (3381 turns).

Elmgren the Shooter (Gargoyle Hunter)               Turns: 3381, Time: 00:02:39

Health: -3/30      AC:  7    Str: 14    XL:     5   Next: 59%
Magic:  5/5        EV: 11    Int: 10    God:
Gold:   112        SH:  0    Dex: 15    Spells: 4/4 levels left

rFire   . . .        a - +0 shortbow
rCold   . . .        (shield currently unavailable)
rNeg    + . .        c - +0 leather armour
rPois   ∞            (no helmet)
rElec   +            (no cloak)
rCorr   .            (no gloves)
SInv    .            (no boots)
Will    .....        (no amulet)
Stlth   ++           (no ring)
HPRegen 0.25/turn    (no ring)
MPRegen 0.09/turn

%: no passive effects
@: no status effects
A: sickness immunity, AC +4, negative energy resistance 1, electricity
resistance, torment resistance 1, petrification resistance
a: no special abilities


You were on level 4 of the Dungeon.
You visited 1 branch of the dungeon, and saw 4 of its levels.

You collected 112 gold pieces.

Inventory:

Hand Weapons
 a - a +0 shortbow (weapon)
Armour
 c - a +0 leather armour (worn)
Jewellery
 o - a +6 ring of intelligence
Wands
 h - a wand of flame (13)
Scrolls
 b - a scroll of immolation
 d - 2 scrolls of identify
 k - a scroll of brand weapon {unknown}
 l - a scroll of teleportation {unknown}
 m - a scroll of poison {unknown}
 n - a scroll of amnesia
Potions
 e - a potion of ambrosia
 f - 2 potions of cancellation
 g - a potion of degeneration
 i - a potion of brilliance
 j - a potion of curing


   Skills:
 - Level 2.1 Fighting
 + Level 6.7 Ranged Weapons
 - Level 1.5 Dodging
 - Level 1.1 Stealth


You had 4 spell levels left.
You didn't know any spells.
Your spell library was empty.

Dungeon Overview and Level Annotations

Branches:
Dungeon (4/15) Zot: 20561
 Temple: D:4-7

Altars:
Cheibriados
Vehumet

Shops:
D:3 [

Annotations:
D:3 1 runed translucent door, Crazy Yiuf


Innate Abilities, Weirdness & Mutations

You are immune to sickness and miasma.
Your stone body is resilient. (AC +4)
You are immune to poison.
You resist negative energy. (rN+)
You are resistant to electric shocks. (rElec)
You are resistant to unholy torment.
You are immune to petrification.


Message History

You shoot an arrow.
The arrow hits the orc wizard but does no damage.
The orc wizard barely misses you.
The orc priest hits you but does no damage.
You shoot an arrow. The arrow hits the orc wizard.
An iguana comes into view.
The orc wizard hits you with a +0 dagger.
The orc priest barely misses you.
You take 3 damage, and have 17/30 hp.
You shoot an arrow. The arrow barely misses the orc wizard.
The iguana hisses angrily.
The orc wizard casts a spell at you. The magic dart hits you!
* * * LOW HITPOINT WARNING * * *
The orc priest barely misses you.
The orc priest hits you but does no damage.
The orc wizard misses you.
You take 7 damage, and have 10/30 hp.
MASSIVE DAMAGE!!
You shoot an arrow.
The arrow closely misses the orc wizard.
The orc wizard hits you but does no damage.
The orc priest invokes the aid of Beogh against you.
Beogh smites you!
* * * LOW HITPOINT WARNING * * *
You take 8 damage, and have 2/30 hp.
MASSIVE DAMAGE!!
Fire: a) +0 shortbow
Press: ? - help, Q - select action, (/) - cycle Shift-Dir - straight line, f/p - orc wizard
Aim: an orc wizard, wielding a +0 dagger and wearing a +0 robe (heavily wounded, 56% to hit)
Okay, then.
Okay, then.
Okay, then.
Aiming: Throw Flame
Press: ? - help, Shift-Dir - straight line, f/p - orc wizard
Aim: an orc wizard, wielding a +0 dagger and wearing a +0 robe (heavily wounded, 60% to hit)
The puff of flame hits the orc wizard.
The orc wizard closely misses you.
The orc priest hits you but does no damage.
You shoot an arrow. The arrow hits the orc wizard.
You kill the orc wizard!
The orc priest hits you with a +0 mace.
You die...

##.##### .......# ..#
#.....# ..# ##.....##
#.# # #.......# ####.#
#.#.......# ##.##.#
..#....)....######...#.#
.....lo@................
..#........#######......
###.##.### ##.##.. ##
#.# ####.##.. #.#
#........ #.# #.##.###.
#.# #.# #. #.# #.###.
.##.....


You could see an iguana and an orc priest.

Vanquished Creatures
  An iron imp (D:3)
  An iguana (D:3)
  An orc wizard (D:4)
  3 gnolls (D:2)
  3 adders
  3 worms (D:2)
  A dart slug (D:3)
  2 orcs
  7 ball pythons
  6 endoplasms
  2 giant cockroaches (D:2)
  A goblin (D:3)
  6 hobgoblins
  3 jackals (D:1)
  6 kobolds
  5 quokkas
  2 bats
  3 frilled lizards
  4 rats
60 creatures vanquished.

Notes
Turn   | Place    | Note
-------+----------+-------------------------------------------
     0 | D:1      | Elmgren the Gargoyle Hunter began the quest for the Orb.
     0 | D:1      | Reached XP level 1. HP: 12/12 MP: 1/1
   321 | D:1      | Reached XP level 2. HP: 17/17 MP: 2/2
   800 | D:2      | Reached skill level 5 in Ranged Weapons
   800 | D:2      | Reached XP level 3. HP: 21/21 MP: 3/3
  1046 | D:2      | Reached XP level 4. HP: 21/26 MP: 4/4
  2025 | D:3      | Reached skill level 6 in Ranged Weapons
  2056 | D:3      | Found Rolutu's Armour Emporium.
  2120 | D:3      | Found a radiant altar of Vehumet.
  2198 | D:3      | Reached XP level 5. HP: 15/30 MP: 5/5
  2530 | D:3      | Found a snail-covered altar of Cheibriados.
  2811 | D:3      | Found a runed translucent door.
  2812 | D:3      | Noticed Crazy Yiuf
  2855 | D:3      | Noticed a sky beast
  3381 | D:4      | Slain by an orc priest

Illustrated notes

Levels and vault maps discovered:
D:1:      mushboom_english_gardens, layout_basic, serial_park_tiny_2,
          corexii_item_surrounded_by_moat
D:2:      layout_basic
D:3:      layout_basic, slow_altar_1, vehumet_altar_wand_db, serial_shops,
          nicolae_shop_tiny_waterfront, serial_corexii_hall,
          corexii_hall_statues_i, corexii_hall_statues_i,
          lightli_corner_chamber, uniq_crazy_yiuf_cottage
D:4:      layout_loops_corners, grunt_ministairs_6, uniq_eustachio

Skill      XL: |  1  2  3  4 |
---------------+-------------+-----
Ranged Weapons | 5 6 |  6.7
Fighting       | |  2.1
Dodging        | |  1.5
Stealth        | |  1.1

Action                     |  1- 3 |  4- 6 || total
---------------------------+-------+-------++-------
   Fire: Shortbow          |    95 |   127 ||   222
  Evoke: Wand              |       |     1 ||     1
    Use: Scroll            |     2 |     7 ||     9
 Armour: Leather armour    |    15 |    32 ||    47
  Dodge: Dodged            |    24 |    48 ||    72
